 Dungeon Crawl Stone Soup version 0.28.0-53-g5a82cb258f (webtiles) character file.

Game seed: 1296424928425927497

1735 Peloso the Carver (level 8, 0/67 (71) HPs)
             Began as a Minotaur Fighter on Aug 11, 2022.
             Slain by a wight
             ... wielding a +5 dire flail
              (4 damage)
             ... on level 5 of the Dungeon.
             The game lasted 00:06:40 (4956 turns).

Peloso the Carver (Minotaur Fighter)                Turns: 4956, Time: 00:06:41

HP:   0/67 (71)     AC: 11    Str: 22    XL:     8   Next: 76%
MP:   7/7           EV:  8    Int:  5    God:
Gold: 267           SH:  5    Dex: 11    Spells: 7/7 levels left

rFire   . . .      SeeInvis .   a - +1 long sword
rCold   . . .      Faith    .   c - +0 buckler
rNeg    . . .      Spirit   .   b - +1 chain mail
rPois   .          Reflect  .   (helmet restricted)
rElec   .          Harm     .   (no cloak)
rCorr   .          Rampage  .   (no gloves)
Will    .....                   (no boots)
Stlth   ..........              (no amulet)
HPRegen 0.21/turn               (no ring)
MPRegen 0.10/turn               (no ring)

@: drained
A: horns 2, retaliatory headbutt
a: no special abilities


You were on level 5 of the Dungeon.
You visited 1 branch of the dungeon, and saw 5 of its levels.

You collected 267 gold pieces.

Inventory:

Hand Weapons
 a - a +1 long sword (weapon)
Armour
 b - a +1 chain mail (worn)
 c - a +0 buckler (worn)
Jewellery
 f - a ring of magical power
 g - a +6 ring of dexterity
 p - a +4 ring of protection
Scrolls
 i - a scroll of noise
 j - 2 scrolls of identify
 k - a scroll of vulnerability {unknown}
Potions
 d - a potion of might
 h - a potion of invisibility


   Skills:
 + Level 6.7 Fighting
 + Level 9.4 Long Blades
 + Level 7.0 Armour
 + Level 2.5 Dodging
 + Level 0.8 Stealth
 + Level 5.5 Shields


You had 7 spell levels left.
You didn't know any spells.
Your spell library contained the following spells:

 Spells                   Type           Power      Damage    Failure   Level
 Magic Dart               Conj           0%         1d3       99%         1
 Shock                    Conj/Air       0%         1d3       99%         1
 Searing Ray              Conj           0%         2d4       100%        2
 Inner Flame              Hex/Fire       0%         N/A       100%        3
 Swiftness                Air            0%         N/A       100%        3
 Airstrike                Air            0%         N/A       100%        4
 Animate Dead             Necr           0%         N/A       100%        4
 Cause Fear               Hex            0%         N/A       100%        4
 Fulminant Prism          Conj/Hex       0%         3d6       100%        4
 Haunt                    Necr/Summ      0%         N/A       100%        7
 Discord                  Hex            0%         N/A       100%        8
 Infestation              Necr           0%         N/A       100%        8


Dungeon Overview and Level Annotations

Branches:
Dungeon (5/15)
 Temple: D:4-7

Altars:
Ashenzari
Hepliaklqana
Kikubaaqudgha
Makhleb

Shops:
D:5 *


Innate Abilities, Weirdness & Mutations

You have a pair of horns on your head.
You reflexively headbutt those who attack you in melee.


Message History

You closely miss the wight.
The wight is almost destroyed.
The wight barely misses you. You furiously retaliate!
You headbutt the wight, but do no damage.
You slash the wight!
You destroy the wight!
Items here: )) [[.
Items here: )) [[.
Things that are here:
a +0 dagger; a +0 robe
Things that are here:
a +4 mace; a +0 robe A wight comes into view.
It is wielding a +5 dire flail.
A wight is nearby!
A wight is nearby!
A wight is nearby!
A wight is nearby!
You hit the wight. You headbutt the wight!
The wight is heavily damaged.
The wight barely misses you.
You barely miss the wight.
You headbutt the wight, but do no damage.
The wight is heavily damaged.
The wight hits you but does no damage.
You closely miss the wight. Your headbutt misses the wight.
The wight is heavily damaged.
The wight closely misses you. You furiously retaliate!
You headbutt the wight. You closely miss the wight.
The wight is almost destroyed.
The wight hits you with a +5 dire flail!
You hit the wight. Your headbutt misses the wight.
The wight is almost destroyed.
The wight hits you with a +5 dire flail!
* * * LOW HITPOINT WARNING * * *
You hit the wight but do no damage.
The wight is almost destroyed.
The wight hits you with a +5 dire flail!
* * * LOW HITPOINT WARNING * * *
You feel drained.
You die...

...#####...........#
...# ##............#
...###..#.........#
...#...###[......#
.....#(# ##....###
.........##.)#.##
...#####.##..)..###
### ...#
#..........#.....
...#
###.####.@.......
#### #)# ###z......
#.# ....... #.#
....... #.# .......
..# ....... ....
....... #####
#......


You could see a wight.

Vanquished Creatures
  Grinder (D:3)
  Sigmund (D:3)
  Edmund (D:5)
  Duvessa (D:4)
  A black bear (D:5)
  2 ogres
  A phantom (D:5)
  A kobold brigand (D:4)
  A scorpion (D:5)
  Dowan (D:4)
  4 wights (D:5)
  2 hounds (D:4)
  An orc priest (D:5)
  Terence (D:2)
  Jessica (D:3)
  A centaur skeleton (D:5)
  Natasha (twice) (D:2)
  2 orc wizards (D:5)
  A hound zombie (D:5)
  7 gnolls
  3 adders
  A white imp (D:5)
  3 dart slugs
  11 orcs
  3 ball pythons
  4 endoplasms (D:2)
  2 giant cockroaches
  6 goblins
  10 hobgoblins
  7 jackals
  3 quokkas
  8 bats
  3 frilled lizards (D:2)
  A jackal skeleton (D:4)
  9 kobolds
  5 rats
112 creatures vanquished.

Notes
Turn   | Place    | Note
-------+----------+-------------------------------------------
     0 | D:1      | Peloso the Minotaur Fighter began the quest for the Orb.
     0 | D:1      | Reached XP level 1. HP: 19/19 MP: 0/0
   153 | D:1      | Reached XP level 2. HP: 24/27 MP: 1/1
  1003 | D:2      | Reached XP level 3. HP: 33/33 MP: 2/2
  1096 | D:2      | Noticed Natasha
  1100 | D:2      | Killed Natasha
  1101 | D:2      | Reached skill level 3 in Long Blades
  1151 | D:2      | Noticed Terence
  1158 | D:2      | Killed Terence
  1159 | D:2      | Reached XP level 4. HP: 16/40 MP: 3/3
  1728 | D:2      | Noticed Natasha
  1732 | D:2      | Killed Natasha
  1733 | D:2      | Reached skill level 4 in Long Blades
  1913 | D:3      | Reached XP level 5. HP: 43/47 MP: 4/4
  1948 | D:3      | Noticed Sigmund
  1957 | D:3      | Killed Sigmund
  1958 | D:3      | Reached skill level 5 in Long Blades
  1958 | D:3      | Reached skill level 1 in Dodging
  1958 | D:3      | Reached XP level 6. HP: 55/55 MP: 5/5
  2063 | D:3      | Found an ancient bone altar of Kikubaaqudgha.
  2076 | D:3      | Noticed Jessica
  2082 | D:3      | Killed Jessica
  2083 | D:3      | Reached skill level 5 in Fighting
  2202 | D:3      | Noticed Grinder
  2227 | D:3      | Killed Grinder
  2228 | D:3      | Reached skill level 6 in Long Blades
  2228 | D:3      | Reached skill level 5 in Armour
  2228 | D:3      | Reached XP level 7. HP: 36/61 MP: 6/6
  3022 | D:4      | Reached skill level 7 in Long Blades
  3267 | D:4      | Noticed Duvessa
  3267 | D:4      | Noticed Dowan
  3272 | D:4      | Killed Duvessa
  3281 | D:4      | Killed Dowan
  3671 | D:5      | Entered Level 5 of the Dungeon
  3701 | D:5      | Reached skill level 8 in Long Blades
  3754 | D:4      | Reached skill level 5 in Shields
  3754 | D:4      | Reached XP level 8. HP: 12/70 MP: 7/7
  4030 | D:5      | Found a burning altar of Makhleb.
  4032 | D:5      | Found a hazy altar of Hepliaklqana.
  4134 | D:5      | Found Vaqi's Overcharged Wands.
  4395 | D:5      | Found a broken altar of Ashenzari.
  4395 | D:5      | Noticed Edmund
  4404 | D:5      | Killed Edmund
  4605 | D:5      | Reached skill level 9 in Long Blades
  4956 | D:5      | Slain by a wight

Illustrated notes

Levels and vault maps discovered:
D:1:      amcnicky_arrival_feature_with_door, layout_basic, grunt_decor_cap
D:2:      layout_loops_cross, uniq_natasha, uniq_terence
D:3:      layout_loops_corners, kiku_gazebo_garden_becter, uniq_jessica,
          uniq_grinder, uniq_sigmund
D:4:      layout_gridville, kennysheep_generic_room_11, uniq_duvessa
D:5:      layout_rooms, old_standard_altar, mainiacjoe_overflow_catwalk_spiral,
          nicolae_shop_overcharged_wands, uniq_edmund

Skill      XL: |  1  2  3  4  5  6  7  8 |
---------------+-------------------------+-----
Fighting       | 4 5 6 |  6.7
Shields        | 4 5 |  5.5
Armour         | 4 5 6 7 |  7.0
Long Blades    | 3 4 5 6 8 9 |  9.4
Dodging        | 1 2 |  2.5
Stealth        | |  0.8

Action                   |  1- 3 |  4- 6 |  7- 9 || total
-------------------------+-------+-------+-------++-------
Melee: Long sword        |    71 |    58 |   189 ||   318
       Headbutt          |    10 |     7 |    33 ||    50
  Use: Scroll            |       |       |     7 ||     7
       Potion            |       |       |     4 ||     4
Armor: Scale mail        |    36 |       |       ||    36
       Chain mail        |       |    26 |    97 ||   123
Dodge: Dodged            |    38 |    22 |    68 ||   128
Block: Buckler           |    14 |     6 |    45 ||    65
